 Dungeon Crawl Stone Soup version 0.16.1-11-g651b585 (webtiles) character file.

1719 Kogarivpeit the Cleaver (level 8, -9/73 HPs)
             Began as a Minotaur Berserker on Apr 1, 2015.
             Was a Priest of Trog.
             Mangled by an orc warrior
             ... wielding a +0 dire flail
              (21 damage)
             ... on level 6 of the Dungeon.
             The game lasted 00:33:56 (4388 turns).

Kogarivpeit the Cleaver (Minotaur Berserker)        Turns: 4388, Time: 00:33:57

Health: -9/73      AC: 12    Str: 24    XL:     8   Next: 75%
Magic:  0/3        EV: 10    Int:  4    God:    Trog [***...]
Gold:   214        SH:  0    Dex: 10    Spells: 0 memorised, 7 levels left

rFire  . . .     SeeInvis .     a - +0 hand axe
rCold  . . .     Clarity  .     r - +0 chain mail
rNeg   . . .     SustAb   .     (no shield)
rPois  .         Gourm    .     (helmet restricted)
rElec  .         Spirit   +     s - +1 cloak
rCorr  .         Warding  .     (no gloves)
rMut   .         Stasis   .     (no boots)
MR     ++...                    e - amulet of guardian spirit
Stlth  ..........               (no ring)
                                (no ring)

@: regenerating, very resistant to hostile enchantments, extremely unstealthy
A: retaliatory headbutt, horns 2
a: Burn Spellbooks, Berserk, Trog's Hand, Renounce Religion


You were on level 6 of the Dungeon.
You worshipped Trog.
Trog was most pleased with you.
You were not hungry.

You visited 1 branch of the dungeon, and saw 6 of its levels.

You collected 214 gold pieces.

Inventory:

Hand weapons
 a - a +0 hand axe (weapon)
Armour
 b - a +0 animal skin
 g - a +0 ring mail
 r - a +0 chain mail (worn)
 s - a +1 cloak (worn)
 u - a +0 scale mail
 w - a +0 leather armour
Jewellery
 e - an amulet of guardian spirit (around neck)
 h - an uncursed amulet of stasis {unknown}
Magical devices
 p - a wand of slowing (15)
Scrolls
 d - a scroll of enchant armour {unknown}
 k - a scroll of enchant weapon {unknown}
 m - 7 scrolls of identify {unknown}
 q - 2 scrolls of fear {unknown}
 v - a scroll of teleportation {unknown}
Potions
 f - a potion of flight {unknown}
 i - 2 potions of agility {unknown}
 l - 3 potions of curing {unknown}
 n - a potion of resistance {unknown}
 o - a potion of poison {unknown}
 t - a potion of haste {unknown}
 x - a potion of cancellation {unknown}
Comestibles
 c - 2 bread rations
 j - a chunk of flesh
 z - a meat ration
 A - 2 beef jerkies


   Skills:
 + Level 7.3 Fighting
 + Level 8.3 Axes
 + Level 5.7 Armour
 + Level 7.0 Dodging
 - Level 1.0 Stealth


You had 7 spell levels left.
You didn't know any spells.

Dungeon Overview and Level Annotations

Branches:
Dungeon (6/15)
 Temple: D:4-7

Altars:
Elyvilon
Makhleb
Ru
Yredelemnul


Innate Abilities, Weirdness & Mutations

You reflexively headbutt those who attack you in melee.
You have a pair of horns on your head.


Message History

You hit the orc warrior but do no damage.
The orc warrior is heavily wounded.
The orc warrior hits you but does no damage.
You closely miss the orc warrior.
The orc warrior is heavily wounded.
You hit the orc warrior but do no damage.
The orc warrior is heavily wounded.
The orc warrior hits you with a dire flail!
You hit the orc warrior.
The orc warrior is severely wounded.
The orc warrior hits you with a dire flail!
* * * LOW HITPOINT WARNING * * *
Use which ability? (? or * to list)
Your skin crawls.
You feel resistant to hostile enchantments.
You feel slightly more hungry. The orc warrior closely misses you.
You closely miss the orc warrior. Your headbutt misses the orc warrior.
The orc warrior is severely wounded.
The orc warrior hits you with a dire flail!!
You die...

# ≈.# #.≈ ≈≈≈#+#≈≈
≈≈≈8.8≈≈ ≈≈...≈ #8.8# ##
#...#
###...#8o8#########
#......)@......)).#
#.#....[..#######.######
##.....## #.......#
##..... #..####.# ##...#
#..# #.# ##.## #..# #(#
#. #... #.# #. #.#. #.#
+ #. . ..#


You could see an orc warrior.

Vanquished Creatures
  Pikel (D:5)
  Edmund (D:5)
  A slave (D:5)
  3 sky beasts (D:5)
  3 ogres
  A giant frog zombie (D:6)
  2 orc priests
  5 hounds
  3 worker ants (D:4)
  5 orc wizards
  7 adders
  A giant mite (D:2)
  A worm (D:2)
  A giant gecko (D:5)
  An ooze (D:4)
  10 orcs
  3 ball pythons
  9 bats
  A bat skeleton (D:4)
  6 giant cockroaches
  10 goblins
  5 hobgoblins
  3 jackals (D:3)
  9 kobolds
  4 giant newts
  7 rats
103 creatures vanquished.

Vanquished Creatures (others)
  A worm (D:5)
  A quokka (D:3)
2 creatures vanquished.

Grand Total: 105 creatures vanquished

Notes
Turn   | Place    | Note
--------------------------------------------------------------
     0 | D:1      | Kogarivpeit, the Minotaur Berserker, began the quest for the Orb.
     0 | D:1      | Reached XP level 1. HP: 19/19 MP: 1/1
   320 | D:1      | Reached skill level 4 in Axes
   320 | D:1      | Reached XP level 2. HP: 24/27 MP: 0/1
   666 | D:2      | Reached XP level 3. HP: 23/33 MP: 2/2
   904 | D:2      | Acquired Trog's second power
  1151 | D:2      | Reached XP level 4. HP: 39/41 MP: 2/2
  1439 | D:2      | Found a burning altar of Makhleb.
  1545 | D:3      | You fall through a shaft for 2 floors!
  1545 | D:5      | Entered Level 5 of the Dungeon
  1636 | D:4      | Noticed an ogre
  1644 | D:4      | Killed an ogre
  1644 | D:4      | Reached skill level 5 in Axes
  1644 | D:4      | Reached XP level 5. HP: 47/47 MP: 2/2
  2154 | D:4      | Reached XP level 6. HP: 46/55 MP: 1/3
  2158 | D:4      | Reached skill level 5 in Dodging
  2158 | D:4      | Reached skill level 1 in Stealth
  2158 | D:4      | Reached skill level 5 in Fighting
  2365 | D:4      | Noticed an ogre
  2375 | D:4      | Killed an ogre
  2537 | D:4      | Reached XP level 7. HP: 53/61 MP: 3/3
  2758 | D:3      | Found a basalt altar of Yredelemnul.
  2844 | D:3      | Found a white marble altar of Elyvilon.
  3114 | D:3      | Found a sacrificial altar of Ru.
  3347 | D:3      | Reached skill level 6 in Axes
  3487 | D:5      | Noticed a sky beast
  3507 | D:5      | Killed a sky beast
  3573 | D:5      | Noticed a sky beast
  3605 | D:5      | Killed a sky beast
  3619 | D:5      | Noticed Edmund
  3630 | D:5      | Killed Edmund
  3651 | D:5      | Noticed a slave
  3671 | D:5      | Killed a slave
  3696 | D:5      | Noticed a slave
  3701 | D:5      | Noticed Pikel
  3707 | D:5      | Noticed a slave
  3710 | D:5      | Killed Pikel
  3710 | D:5      | Reached skill level 7 in Axes
  3710 | D:5      | Reached skill level 5 in Armour
  3710 | D:5      | Reached XP level 8. HP: 49/71 MP: 3/3
  3713 | D:5      | Noticed a freed slave
  3948 | D:5      | Reached skill level 8 in Axes
  4388 | D:6      | Mangled by an orc warrior

Action                   |  1- 3 |  4- 6 |  7- 9 || total
-------------------------+-------+-------+-------++-------
Melee: Hand axe          |    66 |    89 |   197 ||   352
Invok: Berserk           |       |     2 |     2 ||     4
       Trog's Hand       |       |     1 |     2 ||     3
 Stab: Paralysed         |       |       |     1 ||     1
  Eat: Chunk             |     1 |     3 |     2 ||     6
       Pizza             |       |     2 |       ||     2
       Meat ration       |       |       |     1 ||     1
       Beef jerky        |       |       |     1 ||     1
